 Dungeon Crawl Stone Soup version 0.16-b1 (webtiles) character file.

200 dysrexia the Chopper (level 5, -12/27 HPs)
             Began as a Vine Stalker Chaos Knight on Mar 14, 2015.
             Mangled by an ogre
             ... wielding a +0 giant club
              (22 damage)
             ... on level 4 of the Dungeon.
             The game lasted 00:08:00 (1507 turns).

dysrexia the Chopper (Vine Stalker Chaos Knight)    Turns: 1507, Time: 00:08:00

Health: -12/27     AC:  9    Str: 16    XL:     5   Next: 78%
Magic:  0/7        EV:  6    Int: 12    God:    Xom [......]
Gold:   82         SH:  0    Dex: 13    Spells: 0 memorised, 4 levels left

rFire  . . .     SeeInvis .     j - +0 hand axe
rCold  . . .     Clarity  .     q - +0 chain mail
rNeg   . . .     SustAb   .     (no shield)
rPois  .         Gourm    .     f - +0 helmet
rElec  .         Spirit   +     (no cloak)
rCorr  .         Warding  .     (no gloves)
rMut   .         Stasis   .     (no boots)
MR     +....                    (no amulet)
Stlth  ..........               (no ring)
                                h - ring of protection from magic

@: somewhat resistant to hostile enchantments, extremely unstealthy
A: fangs 2, regeneration 1, magic shield, antimagic bite, no device heal 3, rot
immunity
a: Renounce Religion


You were on level 4 of the Dungeon.
You worshipped Xom.
You were a very special plaything of Xom.
You were not hungry.

You visited 1 branch of the dungeon, and saw 4 of its levels.

You collected 82 gold pieces.

Inventory:

Hand weapons
 a - a +0 hand axe of chaos
 j - a +0 hand axe (weapon)
 t - a +0 trident
Missiles
 k - 74 stones (quivered)
Armour
 b - a +2 leather armour
 f - a +0 helmet (worn)
 q - a +0 chain mail (worn)
Jewellery
 h - a ring of protection from magic (left hand)
Scrolls
 e - 2 scrolls of remove curse
 o - 2 scrolls of recharging
 p - a scroll of teleportation
Potions
 g - a potion of restore abilities
 m - a potion of brilliance
 r - a potion of lignification
 s - a potion of berserk rage
Comestibles
 c - 5 bread rations
 d - 4 chunks of flesh
 i - a meat ration


   Skills:
 - Level 2.6 Fighting
 + Level 5.7 Axes
 - Level 1.5 Armour
 - Level 0.7 Dodging


You had 4 spell levels left.
You didn't know any spells.

Dungeon Overview and Level Annotations

Branches:
Dungeon (4/15)
 Temple: D:4-7

Altars:


Innate Abilities, Weirdness & Mutations

You have extremely sharp teeth.
Your natural rate of healing is unusually fast.
When hurt, damage is shared between your health and your magic reserves.
Your bite disrupts and absorbs the magic of your enemies.
Potions and wands cannot restore your health.
You are immune to rotting.


Message History

You feel sick.
An ogre comes into view. It is wielding a giant club.
You feel sick.
You feel sick.
Xom asks Qazlal to spice things up a little.
You feel sick.
You are no longer poisoned. "The weather's been a little too boring around here."
You are now a very special plaything of Xom.
The ogre is engulfed in seething chaos.
An ooze comes into view.
The ooze quivers.
The ogre is engulfed in seething chaos.
The ogre hits you but does no damage. The ogre hits you with a giant club.
The ogre hits you with a giant club! The ogre hits you with a giant club!!
Ouch! That really hurt!
You die...
Xom chuckles heartily!

#......# #.......#
#.....§########....##...#
......§§§§.§§§§§...#
#.....§########....#####..#
.......§.# ###.........#
#......#.# #.#########
#......#.###### #.#
#.##........J.###.# #
##....##....O@.#
#....####.....### .......#
####....# ....#..## ##...##
#...#.## #....## #....#
#†#..<# ....#
#.....#......# .
#.....####.#..... #......
.......


You could see an ogre and an ooze.

Vanquished Creatures
  An orc priest (D:3)
  Natasha (D:4)
  A worker ant (D:4)
  4 adders
  3 gnolls (D:2)
  A shadow imp (D:4)
  2 giant geckos (D:2)
  4 orcs (D:3)
  A giant cockroach (D:1)
  4 goblins
  10 hobgoblins
  5 jackals (D:1)
  2 quokkas
  A ball python (D:2)
  3 bats
  4 giant newts
  6 kobolds
  7 rats
60 creatures vanquished.

Notes
Turn   | Place    | Note
--------------------------------------------------------------
     0 | D:1      | dysrexia, the Vine Stalker Chaos Knight, began the quest for the Orb.
     0 | D:1      | Reached XP level 1. HP: 11/11 MP: 1/1
   232 | D:1      | Reached skill level 3 in Axes
   264 | D:1      | Reached XP level 2. HP: 14/16 MP: 3/3
   520 | D:1      | Reached XP level 3. HP: 11/19 MP: 4/4
   737 | D:2      | Reached skill level 4 in Axes
   825 | D:2      | XOM: potion effect (agility)
   835 | D:2      | XOM: confusion (+ monsters)
   844 | D:2      | Reached XP level 4. HP: 14/23 MP: 3/5
  1159 | D:3      | HP: 1/23 [poisoned by an adder]
  1166 | D:3      | HP: 1/23 [poisoned by an adder]
  1174 | D:3      | HP: 1/23 [poisoned by an adder]
  1317 | D:3      | Reached skill level 5 in Axes
  1317 | D:3      | Reached XP level 5. HP: 19/27 MP: 7/7
  1331 | D:3      | XOM: summons 2 friendly demons
  1444 | D:4      | Noticed Natasha
  1456 | D:4      | XOM: smoke on damage
  1461 | D:4      | Killed Natasha
  1482 | D:4      | Noticed an ogre
  1488 | D:4      | XOM: fog
  1493 | D:4      | XOM: chaos cloud
  1507 | D:4      | Mangled by an ogre

Action                   |  1- 3 |  4- 6 || total
-------------------------+-------+-------++-------
Melee: Hand axe          |   115 |    99 ||   214
  Use: Scroll            |     4 |     5 ||     9
 Stab: Confused          |     1 |       ||     1
  Eat: Chunk             |       |     2 ||     2
